 Dungeon Crawl Stone Soup version 0.22.1 (webtiles) character file.

107 PaladinM the Slasher (level 5, -1/38 HPs)
             Began as a Human Warper on Sept 17, 2018.
             Slain by an orc priest
             ... wielding a +0 mace
              (9 damage)
             ... on level 3 of the Dungeon.
             The game lasted 00:05:11 (2691 turns).

PaladinM the Slasher (Human Warper)                 Turns: 2691, Time: 00:05:13

Health: -1/38      AC:  3    Str: 11    XL:     5   Next: 10%
Magic:  4/8        EV: 12    Int: 13    God:
Gold:   61         SH:  0    Dex: 14    Spells: 4/8 levels left

rFire    . . .     SeeInvis .   a - +0 falchion
rCold    . . .     Gourm    .   (no shield)
rNeg     . . .     Faith    .   b - +0 leather armour
rPois    .         Spirit   .   (no helmet)
rElec    .         Reflect  .   (no cloak)
rCorr    .         Harm     .   (no gloves)
MR       +....                  (no boots)
Stlth    +.........             (no amulet)
HPRegen  0.12/turn              c - ring of protection from magic
MPRegen  0.11/turn              (no ring)

@: very slightly contaminated
A: no striking features
a: no special abilities


You were on level 3 of the Dungeon.
You were not hungry.

You visited 1 branch of the dungeon, and saw 3 of its levels.

You collected 61 gold pieces.

Inventory:

Hand Weapons
 a - a +0 falchion (weapon)
Missiles
 e - 5 tomahawks of dispersal (quivered)
 j - 7 javelins
Armour
 b - a +0 leather armour (worn)
Jewellery
 c - a ring of protection from magic (left hand)
Scrolls
 d - a scroll of blinking
 g - 4 scrolls of identify {unknown}
 k - 2 scrolls of remove curse {unknown}
 n - 2 scrolls of amnesia {unknown}
 o - a scroll of enchant armour {unknown}
Potions
 h - a potion of magic {unknown}
 i - a potion of curing {unknown}
 l - a potion of degeneration {unknown}
 m - a potion of flight {unknown}
 p - a potion of lignification {unknown}
 q - a potion of haste {unknown}
Comestibles
 f - 4 rations


   Skills:
 - Level 2.0 Fighting
 + Level 4.9 Long Blades
 - Level 1.0 Throwing
 - Level 1.0 Armour
 - Level 2.0 Dodging
 - Level 2.0 Spellcasting
 - Level 3.0 Translocations


You had 4 spell levels left.
You knew the following spells:

 Your Spells              Type           Power        Failure   Level  Hunger
a - Shroud of Golubria    Chrm/Tloc      #.........   26%         2    ###....
b - Blink                 Tloc           N/A          14%         2    ###....

Your spell library contained the following spells:

 Spells                   Type           Power        Failure   Level  Hunger
 Gell's Gravitas          Tloc           #.........   28%         3    ####...
 Lesser Beckoning         Tloc           #.........   28%         3    ####...
 Teleport Other           Tloc           #.......     28%         3    ####...
 Passage of Golubria      Tloc           N/A          67%         4    #####..


Dungeon Overview and Level Annotations

Branches:
Dungeon (3/15)

Altars:


Message History

Beogh smites you!
Casting: Shroud of Golubria (safe; 26% risk of failure)
Confirm with . or Enter, or press ? or * to list all spells.
You miscast Shroud of Golubria.
You are very lightly contaminated with residual magic.
Strange energies run through your body. The orc priest misses you.
You riposte.
You hit the orc priest but do no damage.
The orc priest is moderately wounded.
All of the chunks of flesh in your inventory have rotted away.
Casting: Shroud of Golubria (safe; 26% risk of failure)
Confirm with . or Enter, or press ? or * to list all spells.
Space distorts slightly along a thin shroud covering your body.
The orc priest calls down the wrath of Beogh upon you.
Beogh smites you!
* * * LOW HITPOINT WARNING * * *
Okay, then.
You closely miss the orc priest.
The orc priest is moderately wounded.
The orc priest hits you with a mace!
You die...

####†#### #g#
##.## #...#
#...#######
#.........#
..##...#####.#
........o...#.####
.#.......@........
##.......<.#...#
#..#....<......#
.........#####..#
...#.....# .# ..
#.....# # ##...##
#... #..


You could see an orc priest.

Vanquished Creatures
  An orc priest (D:2)
  An adder (D:3)
  2 dart slugs
  A leopard gecko (D:1)
  7 orcs (D:2)
  5 giant cockroaches
  9 goblins
  4 hobgoblins
  4 jackals (D:2)
  A bat (D:2)
  3 frilled lizards
  6 kobolds
  12 rats
56 creatures vanquished.

Notes
Turn   | Place    | Note
-------+----------+-------------------------------------------
     0 | D:1      | PaladinM the Human Warper began the quest for the Orb.
     0 | D:1      | Reached XP level 1. HP: 16/16 MP: 3/3
   464 | D:1      | Reached XP level 2. HP: 14/22 MP: 5/5
   468 | D:1      | Learned a level 2 spell: Shroud of Golubria
   471 | D:1      | Learned a level 2 spell: Blink
   895 | D:1      | Reached skill level 3 in Long Blades
  1128 | D:1      | Reached XP level 3. HP: 27/27 MP: 6/6
  1803 | D:2      | Reached skill level 4 in Long Blades
  1803 | D:2      | Reached XP level 4. HP: 8/33 MP: 5/7
  2394 | D:3      | Reached XP level 5. HP: 34/38 MP: 5/8
  2691 | D:3      | Slain by an orc priest

Skill      XL: |  1  2  3 |
---------------+----------+-----
Long Blades    | 3 4 |  4.9
Fighting       | |  2.0
Throwing       | |  1.0
Armour         | |  1.0
Dodging        | |  2.0
Spellcasting   | |  2.0
Translocations | |  3.0

Action                   |  1- 3 |  4- 6 || total
-------------------------+-------+-------++-------
Melee: Falchion          |   116 |    66 ||   182
 Cast: Shroud of Golubri |     1 |    10 ||    11
 Stab: Sleeping          |     3 |       ||     3
  Eat: Ration            |     1 |       ||     1
       Chunk             |       |     3 ||     3
Armor: Leather armour    |    34 |    13 ||    47
Dodge: Dodged            |   116 |    52 ||   168
       Rpst.: Falchion   |    38 |    22 ||    60
